 Dungeon Crawl Stone Soup version 0.28.0-45-g0d030f2227 (webtiles) character file.

Game seed: 6929762942764501619

9 McKennaii the Conjurer (level 2, 19/19 HPs)
             Began as a Demonspawn Conjurer on Apr 14, 2022.
             Quit the game on level 1 of the Dungeon.
             The game lasted 00:00:12 (510 turns).

McKennaii the Conjurer (Demonspawn Conjurer)         Turns: 510, Time: 00:00:13

Health: 19/19      AC:  2    Str:  7    XL:     2   Next: 3%
Magic:  0/5        EV: 12    Int: 19    God:
Gold:   27         SH:  0    Dex: 11    Spells: 4/5 levels left

rFire   . . .      SeeInvis .   (no weapon)
rCold   . . .      Faith    .   (no shield)
rNeg    . . .      Spirit   .   a - +0 robe
rPois   .          Reflect  .   (no helmet)
rElec   .          Harm     .   (no cloak)
rCorr   .          Rampage  .   (no gloves)
Will    .....                   (no boots)
Stlth   ++........              (no amulet)
HPRegen 0.06/turn               (no ring)
MPRegen 0.09/turn               (no ring)

@: no status effects
A: spiny 1
a: no special abilities


You were on level 1 of the Dungeon.
You visited 1 branch of the dungeon, and saw 1 of its levels.

You collected 27 gold pieces.

Inventory:

Armour
 a - a +0 robe (worn)
Scrolls
 b - a scroll of vulnerability {unknown}
 d - 2 scrolls of immolation {unknown}
 f - a scroll of fear {unknown}
Potions
 c - a potion of curing {unknown}
 e - a potion of heal wounds {unknown}


   Skills:
 - Level 1.7 Dodging
 - Level 1.7 Stealth
 + Level 2.3 Spellcasting
 + Level 4.2 Conjurations


You had 4 spell levels left.
You knew the following spells:

 Your Spells              Type           Power      Damage    Failure   Level
a - Magic Dart            Conj           72%        1d6       2%          1

Your spell library contained the following spells:

 Spells                   Type           Power      Damage    Failure   Level
 Searing Ray              Conj           36%        2d5       4%          2
 Slow                     Hex            8%         N/A       16%         1
 Dazzling Flash           Conj/Hex       20%        N/A       21%         3
 Fulminant Prism          Conj/Hex       5%         3d7       56%         4
 Iskenderun's Mystic Bla  Conj/Tloc      10%        2d4       56%         4


Dungeon Overview and Level Annotations

Branches:
Dungeon (1/15)

Altars:


Innate Abilities, Weirdness & Mutations

You are partially covered in sharp spines.


Message History

You kill the rat!
f - a scroll labelled AXYIVVULEY You can't see any susceptible monsters within range! (Use Z to cast anyway.)
A ball python comes into view.
The magic dart hits the ball python.
The ball python is severely wounded.
The ball python hisses angrily.
A ball python is nearby!
The magic dart hits the ball python.
You kill the ball python!
Found a leather armour.
You can't see any susceptible monsters within range! (Use Z to cast anyway.)
Found a stone staircase leading down.
You can't see any susceptible monsters within range! (Use Z to cast anyway.)
A kobold comes into view. It is wielding a +0 whip.
The magic dart hits the kobold.
The kobold is moderately wounded.
The kobold shouts!
The magic dart hits the kobold.
You kill the kobold!
Things that are here:
a +0 whip; 4 stones You can't see any susceptible monsters within range! (Use Z to cast anyway.)
d - 2 scrolls labelled ULAUDU IPEJUICH (gained 1) As you open the door, it creaks loudly!
You can't see any susceptible monsters within range! (Use Z to cast anyway.)
There is an open door here.
A kobold and a quokka come into view.
The magic dart hits the quokka.
The quokka is severely wounded.
There are monsters nearby!
The magic dart hits the quokka.
You kill the quokka!
A kobold is nearby!
The magic dart hits the kobold.
You kill the kobold!
You have reached level 2!
Your demonic ancestry asserts itself...
Sharp spines emerge from parts of your body.
Are you sure you want to abandon this character and quit the game? (Confirm with "yes".)

#.........####
#######.....#.#.#
#.............#.###
#...........###.#..
#.......#.### #.#.#
#.......#.#####.#.#
#.......#.......#.#
........#########.###
................@...#
....#############......)
....# †#.#### ....# .# #
##### .# .# .# .#


There were no monsters in sight!

Vanquished Creatures
  2 ball pythons (D:1)
  A hobgoblin (D:1)
  3 kobolds (D:1)
  A quokka (D:1)
  A rat (D:1)
8 creatures vanquished.

Notes
Turn   | Place    | Note
-------+----------+-------------------------------------------
     0 | D:1      | McKennaii the Demonspawn Conjurer began the quest for the
                  | Orb.
     0 | D:1      | Reached XP level 1. HP: 13/13 MP: 3/3
   252 | D:1      | Found a faded altar of an unknown god.
   262 | D:1      | Got Plato's Guide on Bewitchment
   510 | D:1      | Gained mutation: You are partially covered in sharp spines.
                  | [demonic ancestry]
   510 | D:1      | Reached XP level 2. HP: 19/19 MP: 0/5
   510 | D:1      | Quit the game

Illustrated notes

Levels and vault maps discovered:
D:1:      dpeg_arrival_refuge, layout_basic,
          shapermc_ecumenical_altar_rom_forum, minmay_misc_feat_plants

Action                   || total
-------------------------++-------
 Cast: Magic Dart        ||    13
Armor: Robe              ||     1
Dodge: Dodged            ||     3
